 Dungeon Crawl Stone Soup version 0.28.0-1-gb440e238dd (webtiles) character file.

Game seed: 10343528049846978503

115 sammy202020 the Covered (level 5, 33/33 HPs)
             Began as a Gargoyle Fighter on Feb 24, 2022.
             Quit the game on level 3 of the Dungeon.
             The game lasted 00:16:35 (3268 turns).

sammy202020 the Covered (Gargoyle Fighter)          Turns: 3268, Time: 00:16:35

Health: 33/33      AC: 17    Str: 22    XL:     5   Next: 0%
Magic:  5/5        EV:  6    Int:  8    God:
Gold:   81         SH:  4    Dex:  9    Spells: 4/4 levels left

rFire   . . .      SeeInvis .   a - +1 flail
rCold   . . .      Faith    .   c - +0 buckler
rNeg    + . .      Spirit   .   k - +0 plate armour
rPois   ∞          Reflect  .   (no helmet)
rElec   +          Harm     .   b - +0 cloak
rCorr   .          Rampage  .   (no gloves)
Will    .....      Rage     1%  (no boots)
Stlth   ..........              (no amulet)
HPRegen 0.11/turn               (no ring)
MPRegen 0.09/turn               (no ring)

@: no status effects
A: sickness immunity, AC +4, negative energy resistance 1, electricity
resistance, torment resistance 1, petrification resistance, berserk 1
a: no special abilities


You were on level 3 of the Dungeon.
You visited 1 branch of the dungeon, and saw 3 of its levels.

You collected 81 gold pieces.

Inventory:

Hand Weapons
 a - a +1 flail (weapon)
 g - a +0 dagger
 h - a +0 mace of protection
 i - a +2 dagger of draining
Armour
 b - a +0 cloak (worn)
 c - a +0 buckler (worn)
 f - a +1 scale mail of poison resistance
 k - a +0 plate armour (worn)
Scrolls
 e - a scroll of teleportation
 l - 3 scrolls of identify
Potions
 d - 2 potions of curing


   Skills:
 + Level 4.0 Fighting
 + Level 3.0 Maces & Flails
 + Level 4.2 Armour
 - Level 0.7 Dodging
 + Level 3.9 Shields


You had 4 spell levels left.
You didn't know any spells.
Your spell library contained the following spells:

 Spells                   Type           Power      Damage    Failure   Level
 Animate Skeleton         Necr           0%         N/A       100%        1
 Apportation              Tloc           0%         N/A       100%        1
 Slow                     Hex            0%         N/A       100%        1
 Summon Small Mammal      Summ           0%         N/A       100%        1
 Confusing Touch          Hex            0%         N/A       100%        3
 Gell's Gravitas          Tloc           0%         N/A       100%        3
 Lesser Beckoning         Tloc           0%         N/A       100%        3
 Teleport Other           Tloc           0%         N/A       100%        3
 Vampiric Draining        Necr           0%         2d6       100%        3


Dungeon Overview and Level Annotations

Branches:
Dungeon (3/15)

Altars:
Qazlal

Annotations:
D:3 2 transporters, DarkMagik's ghost, amateur DDBe


Innate Abilities, Weirdness & Mutations

You are immune to sickness and miasma.
Your stone body is resilient. (AC +4)
You are immune to poison.
You resist negative energy. (rN+)
You are resistant to electric shocks. (rElec)
You are resistant to unholy torment.
You are immune to petrification.
You tend to lose your temper in combat.


Message History

a giant cockroach corpse x5
Okay, then.
Unknown command.
You see here a +0 mace of protection. 2 giant cockroaches come into view.
You see here a +0 mace of protection.
h - a +0 mace of protection You recover from your berserk rage.
The giant cockroach waves its antennae.
You see here a hobgoblin corpse.
You barely miss the giant cockroach.
The giant cockroach bites you but does no damage.
You block the giant cockroach's attack.
The giant cockroach bites you but does no damage.
You thump the giant cockroach!
You kill the giant cockroach!
You block the giant cockroach's attack.
The giant cockroach bites you but does no damage.
You block the giant cockroach's attack.
You see here a hobgoblin corpse.
You sock the giant cockroach!
You kill the giant cockroach!
You have reached level 5!
You see here a hobgoblin corpse.
You see here a +0 short sword.
You see here 19 stones.
You see here 18 stones.
Items here: †††††.
You now have 81 gold pieces (gained 11).
d - 2 potions of curing (gained 1)
You see here 16 stones.
Unknown command.
Items here: †††††.
Items here: †††††.
You see here a hobgoblin corpse.
Unknown command.
Unknown command.
Unknown command.
Unknown command.
Are you sure you want to abandon this character and quit the game? (Confirm with "yes".)

#.######.# ### #######.###
#.#############<........#
.............##.#####.#.##
...........#.#...####.>#.###.#
...#######..).........###....#
...# ##.#..#.#.....#.#####
...# #.#.###..####.## #..##
##....#...@#.####.#####
#..#.....#######.##.....(...#
#........ #....#.###.####.#
#..#.#..# #.###..# #.# #.#
#..#.#..# ######.#†# #.# #.# #
#.......###....###.#
#.####.#..
#..#.#..##......##.#
#....#.#.#
#.......#.....(..#.#
####.#.#.#
#..#.#..#........#.# #.#.#.#


There were no monsters in sight!

Vanquished Creatures
  5 adders
  A worm (D:2)
  A dart slug (D:1)
  6 bats
  5 endoplasms
  10 giant cockroaches
  4 goblins
  7 hobgoblins
  10 ball pythons
  4 frilled lizards
  3 kobolds
  7 rats
63 creatures vanquished.

Notes
Turn   | Place    | Note
-------+----------+-------------------------------------------
     0 | D:1      | sammy202020 the Gargoyle Fighter began the quest for the
                  | Orb.
     0 | D:1      | Reached XP level 1. HP: 14/14 MP: 1/1
   209 | D:1      | Reached XP level 2. HP: 15/19 MP: 2/2
   666 | D:1      | Found a faded altar of an unknown god.
   958 | D:1      | Reached XP level 3. HP: 23/23 MP: 3/3
  1410 | D:2      | Found a stormy altar of Qazlal.
  1671 | D:2      | Reached XP level 4. HP: 29/29 MP: 4/4
  1906 | D:2      | Gained mutation: You tend to lose your temper in combat.
                  | [potion of mutation]
  2496 | D:3      | Found a transporter.
  2496 | D:3      | Noticed DarkMagik's ghost (amateur DDBe)
  2499 | D:3      | Found a transporter.
  3172 | D:3      | Reached XP level 5. HP: 33/33 MP: 5/5
  3268 | D:3      | Quit the game

Illustrated notes

Levels and vault maps discovered:
D:1:      amcnicky_arrival_gap_in_the_tavern_cellar, layout_basic,
          basic_ecumenical_altar
D:2:      layout_loops_cross, basic_altar, minmay_misc_feat_roman
D:3:      minmay_roachtagon, layout_loops_ring, gammafunk_ghost_arena,
          minivault_14

Skill      XL: |  1  2  3  4 |
---------------+-------------+-----
Armour         | 4 |  4.2
Fighting       | 4 |  4.0
Maces & Flails | 3 |  3.0
Dodging        | |  0.7
Shields        | |  3.9

Action                   |  1- 3 |  4- 6 || total
-------------------------+-------+-------++-------
Melee: Flail             |    97 |    79 ||   176
  Use: Potion            |     3 |     2 ||     5
       Scroll            |     1 |     5 ||     6
Armor: Scale mail        |    36 |       ||    36
       Plate armour      |    21 |    66 ||    87
Dodge: Dodged            |    55 |    38 ||    93
Block: Buckler           |    13 |    16 ||    29
